 Dungeon Crawl Stone Soup version 0.30.1-10-g1249ef9ec4 (webtiles) character file.

Game seed: 5358248043231681207

1098 lonewolfV2 the Ducker (level 8, -3/58 HPs)
             Began as a Demonspawn Fighter on Oct 26, 2023.
             Was an Initiate of Qazlal.
             Slain by an ogre
             ... wielding a +0 giant spiked club
              (18 damage)
             ... on level 5 of the Dungeon.
             The game lasted 00:06:10 (4624 turns).

lonewolfV2 the Ducker (Demonspawn Fighter)          Turns: 4624, Time: 00:06:11

Health: -3/58      AC: 11    Str: 19    XL:     8   Next: 10%
Magic:  10/10      EV: 13    Int:  9    God:    Qazlal [......]
Gold:   204        SH:  4    Dex: 13    Spells: 7/7 levels left

rFire   + . .        a - +0 war axe
rCold   + . .        c - +0 buckler
rNeg    . . .        e - +3 ring mail {rPois}
rPois   +            (no helmet)
rElec   +            n - +0 cloak
rCorr   +            (no gloves)
SInv    .            (no boots)
Will    .....        (no amulet)
Stlth   +            o - ring of poison resistance
HPRegen 0.29/turn    (no ring)
MPRegen 0.12/turn

%: no passive effects
@: resistant
A: foul stench 1, powered by pain 2, sharp scales 1
a: Renounce Religion


You were on level 5 of the Dungeon.
You worshipped Qazlal.
Qazlal was noncommittal.
You visited 2 branches of the dungeon, and saw 6 of its levels.

You collected 204 gold pieces.

Inventory:

Hand Weapons
 a - a +0 war axe (weapon)
Armour
 b - a +0 scale mail
 c - a +0 buckler (worn)
 e - a +3 ring mail of poison resistance (worn)
 n - a +0 cloak (worn)
Jewellery
 o - a ring of poison resistance (left hand)
Wands
 g - a wand of flame (27)
Scrolls
 j - a scroll of brand weapon {unknown}
 k - a scroll of blinking
 m - a scroll of fog
Potions
 d - 2 potions of might
 f - 2 potions of degeneration {unknown}
 h - a potion of magic {unknown}
 i - a potion of berserk rage {unknown}
 l - a potion of resistance
 p - a potion of cancellation {unknown}
 q - a potion of brilliance {unknown}


   Skills:
 - Level 3.0 Fighting
 - Level 1.8 Axes
 * Level 6.0 Armour
 + Level 6.1 Dodging
 - Level 2.7 Shields
 + Level 3.2 Invocations


You had 7 spell levels left.
You didn't know any spells.
Your spell library contained the following spells:

 Spells                   Type           Power      Damage    Failure   Level
 Summon Small Mammal      Summ           0%         N/A       63%         1
 Sublimation of Blood     Necr           0%         N/A       77%         2
 Wereblood                Tmut           0%         N/A       77%         2
 Call Canine Familiar     Summ           0%         N/A       94%         3
 Summon Guardian Golem    Hex/Summ       0%         N/A       94%         3
 Summon Hydra             Summ           0%         N/A       100%        7


Dungeon Overview and Level Annotations

Branches:
Dungeon (5/15)             Temple (1/1) D:4

Altars:
Gozag
Makhleb
Qazlal
Ru
Uskayaw
Vehumet
Xom
Yredelemnul


Innate Abilities, Weirdness & Mutations

You may rarely emit foul miasma when damaged in melee.
You sometimes gain power by taking damage.
You are partially covered in razor-sharp scales. (AC +1, Slay +1)


Message History

o - a ring of poison resistance
o - a ring of poison resistance (left hand)
An iguana comes into view.
The iguana hisses angrily.
An iguana is nearby!
Okay, then.
You slash the iguana!
The iguana is heavily wounded.
You block the iguana's attack.
You slash the iguana!
You kill the iguana!
Qazlal accepts your kill.
An ogre comes into view. It is wielding a +0 giant spiked club.
The ogre shouts!
You hear a shout! x3
An ogre is nearby!
An ogre is nearby!
An ogre is nearby!
An ogre comes into view. It is wielding a +0 giant club.
Found a cyan potion.
The ogre attacks as you move away! The ogre closely misses you.
The ogre hits you with a +0 giant club!
An orc comes into view. It is wielding a +0 dagger.
You slash the ogre!
The ogre is moderately wounded.
You hit the ogre. The ogre barely misses you. The ogre misses you.
You hit the ogre.
The ogre is moderately wounded.
You hit the ogre. The ogre closely misses you. x2
You barely miss the ogre.
The ogre is moderately wounded.
You barely miss the ogre. The ogre closely misses you.
The ogre hits you with a +0 giant club!
You slash the ogre!
The ogre is severely wounded.
You barely miss the ogre. The ogre misses you.
The ogre hits you with a +0 giant club!
* * * LOW HITPOINT WARNING * * *
You feel protected.
The ogre hits you with a +0 giant spiked club!!
You die...

##........# #.###.#####
#######.# #...######
........###........######
########...##.####.......
#...##.# ######.†
#..###.#########.# #..#
#...........# #@.#
############# #OO## #o..#
...!.......# ..#####...##
#..## #.## #.# #.#


You could see 2 ogres and an orc.

Vanquished Creatures
  Sigmund (D:2)
  A steam dragon (D:4)
  Duvessa (D:4)
  An ice beast (D:5)
  2 scorpions (D:4)
  Dowan (D:4)
  2 hounds
  A jelly (D:4)
  An orc priest (D:3)
  A sleepcap (D:5)
  5 iguanas
  4 gnolls (D:4)
  5 adders
  3 dart slugs
  10 orcs
  4 bats
  9 endoplasms
  2 giant cockroaches
  7 goblins
  6 hobgoblins
  9 quokkas
  7 ball pythons
  2 frilled lizards
  7 kobolds
  7 rats
99 creatures vanquished.

Notes
Turn   | Place    | Note
-------+----------+-------------------------------------------
     0 | D:1      | lonewolfV2 the Demonspawn Fighter began the quest for the
                  | Orb.
     0 | D:1      | Reached XP level 1. HP: 18/18 MP: 1/1
   267 | D:1      | Reached skill level 1 in Dodging
   277 | D:1      | Gained mutation: You may rarely emit foul miasma when
                  | damaged in melee. [demonic ancestry]
   277 | D:1      | Reached XP level 2. HP: 24/24 MP: 2/2
   625 | D:1      | Reached XP level 3. HP: 20/29 MP: 3/3
  1560 | D:2      | Noticed Sigmund
  1579 | D:2      | Killed Sigmund
  1580 | D:2      | Gained mutation: You are partially covered in razor-sharp
                  | scales. (AC +1, Slay +1) [demonic ancestry]
  1580 | D:2      | Reached XP level 4. HP: 17/35 MP: 4/4
  1580 | D:2      | Gained mutation: You sometimes gain a little power by
                  | taking damage. [demonic ancestry]
  1580 | D:2      | Reached XP level 5. HP: 20/41 MP: 5/5
  2104 | D:3      | Reached XP level 6. HP: 47/47 MP: 6/6
  2746 | D:4      | Noticed a steam dragon
  2755 | D:4      | Killed a steam dragon
  2756 | D:4      | Reached skill level 5 in Dodging
  2756 | D:4      | Gained mutation: You sometimes gain power by taking damage.
                  | [demonic ancestry]
  2756 | D:4      | Reached XP level 7. HP: 6/52 MP: 7/7
  3121 | D:4      | Found a staircase to the Ecumenical Temple.
  3143 | Temple   | Entered the Ecumenical Temple
  3361 | Temple   | Became a worshipper of Qazlal Stormbringer
  3441 | D:4      | Noticed Duvessa
  3462 | D:4      | Killed Duvessa
  3463 | D:4      | Reached skill level 5 in Armour
  3463 | D:4      | Reached skill level 1 in Invocations
  3468 | D:4      | Noticed Dowan
  3482 | D:4      | HP: 2/52 [Dowan/stone arrow (12)]
  3880 | D:4      | Killed Dowan
  4162 | D:5      | Entered Level 5 of the Dungeon
  4204 | D:5      | Reached XP level 8. HP: 32/58 MP: 8/10
  4624 | D:5      | Slain by an ogre

Illustrated notes

Levels and vault maps discovered:
D:1:      kilobyte_arrival_exit_the_forest, layout_loops_ring, serial_aquarium,
          aquarium_bridge_square [aquarium_subvault_wall,
          aquarium_subvault_bridge, aquarium_subvault_wall,
          aquarium_subvault_bridge], aquarium_window_1, aquarium_window_1,
          aquarium_view_2e, aquarium_balcony_1b, aquarium_pool_corner
D:2:      layout_basic, uniq_sigmund
D:3:      layout_loops_cross
D:4:      layout_basic, minmay_temple_entry_mini_moons, minmay_surrounded,
          uniq_duvessa
D:5:      layout_loops_ring, eino_tiny_chamber
Temple:   compressed_dpeg_circular_temple

Skill      XL: |  1  2  3  4  5  6  7  8 |
---------------+-------------------------+-----
Dodging        | 1 4 5 6 |  6.1
Armour         | 3 4 5 6 |  6.0
Invocations    | 3 |  3.2
Fighting       | |  3.0
Axes           | |  1.8
Shields        | |  2.7

Action                     |  1- 3 |  4- 6 |  7- 9 || total
---------------------------+-------+-------+-------++-------
  Melee: War axe           |   104 |    87 |   145 ||   336
    Use: Potion            |     1 |       |     5 ||     6
         Scroll            |       |     7 |     3 ||    10
 Armour: Ring mail         |    40 |    55 |    67 ||   162
  Dodge: Dodged            |    60 |    59 |   141 ||   260
  Block: Buckler           |    26 |    26 |    37 ||    89
